Map: Orbital Shipyard

Players

InZaNe - Winner!

  • Race: Terran Terran
  • League: Master

Miszu

  • Race: Terran Terran
  • League: Master

VOD

Have the link to the VOD?

Description

Time

  • Played on: Feb. 5, 2016, 3:35 p.m.
  • Length: 11:25
Show
View Real Time Build Order
Export as new Build Order

InZaNe Terran - Winner!

Build Orders: Bio Tank 

Get SALT Encoding   

  12  0:01  SCV  
  13  0:13  SCV  
  14  0:18  Supply Depot  
  14  0:26  SCV  
  15  0:29  Refinery  
  15  0:40  SCV  
  16  0:44  Barracks  
  16  0:52  SCV  
  17  1:04  SCV  
  18  1:16  SCV  
  19  1:27  Refinery  
  19  1:31  Orbital Command  
  19  1:32  Reaper  
  20  1:34  Supply Depot  
  20  1:54  Factory  
  20  1:58  SCV  
  21  2:05  Reaper  
  22  2:10  SCV  
  24  2:22  SCV  
  24  2:34  SCV  
  25  2:38  Reaper  
  25  2:40  Hellion  
  25  2:41  Starport  
  28  2:48  Command Center  
  27  2:53  SCV  
  28  3:02  Hellion  
  28  3:03  Supply Depot  
  28  3:05  SCV  
  31  3:12  Barracks Reactor  
  31  3:25  Medivac, SCV  
  31  3:26  Supply Depot  
  34  3:34  Factory Tech Lab  
  34  3:37  SCV  
  35  3:49  SCV  
  35  3:54  Marine x2  
  36  3:55  Viking  
  36  3:58  Cyclone  
  36  4:01  SCV, Orbital Command  
  42  4:12  Marine x2  
  42  4:13  SCV  
  45  4:24  Command Center  
  45  4:25  SCV  
  45  4:27  SCV  
  47  4:35  Marine x2  
  47  4:38  SCV  
  50  4:44  Siege Tank  
  51  4:56  SCV x2  
  55  5:05  Starport Reactor  
  55  5:07  Barracks Tech Lab, Barracks  
  51  5:08  SCV x2  
  51  5:09  Barracks  
  51  5:12  Supply Depot  
  53  5:18  Siege Tank  
  53  5:20  SCV  
  53  5:21  SCV  
  58  5:23  Refinery x2  
  58  5:24  Engineering Bay  
  58  5:27  Stimpack  
  58  5:33  SCV x2  
  60  5:36  Marine, Orbital Command  
  61  5:45  SCV  
  62  5:51  Terran Infantry Weapons Level 1  
  62  5:52  Starport Reactor, Barracks, SCV  
  62  5:53  Barracks  
  63  5:58  Marine x2  
  63  6:00  Siege Tank  
  68  6:04  Marine  
  68  6:05  Marine  
  68  6:06  SCV x2  
  68  6:10  Marine  
  73  6:13  SCV  
  73  6:18  SCV x2  
  76  6:24  Marine x4  
  81  6:26  Orbital Command  
  81  6:28  Marine  
  81  6:30  Medivac, SCV  
  81  6:31  SCV  
  85  6:34  Supply Depot  
  85  6:35  Supply Depot  
  85  6:38  Medivac  
  87  6:42  SCV  
  87  6:43  Barracks Reactor  
  87  6:44  Barracks Reactor, SCV  
  89  6:47  Supply Depot  
  89  6:49  Supply Depot  
  89  6:51  SCV  
  90  6:54  SCV  
  90  6:55  Marine  
  90  6:56  SCV  
  90  6:57  Marine  
  94  7:01  Marine  
  94  7:02  Marine  
  94  7:04  SCV  
  94  7:05  Marine  
  94  7:06  SCV  
  94  7:08  Siege Tank, SCV  
  103  7:12  Medivac x2  
  107  7:16  SCV  
  107  7:18  SCV  
  107  7:20  SCV  
  107  7:21  Armory  
  110  7:24  Engineering Bay  
  110  7:25  Marine  
  110  7:26  Marine x2  
  113  7:37  Marine x4  
  113  7:40  Supply Depot  
  113  7:41  Supply Depot  
  113  7:42  Supply Depot, Siege Tank  
  120  7:46  Marine x3  
  120  7:47  Marine x2  
  125  7:52  Refinery  
  125  7:53  Refinery, Terran Infantry Armor Level 1  
  125  7:54  Factory  
  125  7:57  Supply Depot  
  125  8:02  SCV x3  
  128  8:08  Marine x3  
  131  8:14  SCV  
  131  8:17  Marine x4  
  131  8:18  Marine x2  
  138  8:22  Siege Tank  
  138  8:23  Medivac x2  
  138  8:26  Marine x3  
  148  8:34  Marine  
  148  8:35  Supply Depot  
  148  8:36  Supply Depot x2, Terran Infantry Weapons Level 2  
  148  8:37  Supply Depot  
  149  8:42  Marine  
  150  8:49  Factory Tech Lab  
  150  8:52  Marine x5  
  150  8:53  Marine  
  154  9:01  Marine x3  
  154  9:02  Siege Tank  
  160  9:03  Combat Shields  
  160  9:04  Medivac  
  160  9:06  Medivac  
  164  9:10  Marine x2  
  164  9:12  Missile Turret  
  166  9:20  Marine  
  166  9:21  Marine x6, Siege Tank  
  176  9:27  Marine  
  176  9:28  Terran Vehicle Weapons Level 1  
  177  9:34  Missile Turret  
  177  9:35  Siege Tank, Missile Turret  
  177  9:36  Missile Turret  
  180  9:39  Missile Turret  
  180  9:40  Sensor Tower  
  177  9:46  Marine  
  177  9:47  Marine x3  
  177  9:48  Marine x2  
  183  9:57  Marine x3  
  182  10:00  Command Center  
  182  10:06  Marine x2  
  182  10:07  Marine x4  
  184  10:11  Supply Depot  
  187  10:23  Marine x2  
  187  10:24  Marine x2  
  191  10:48  Marine x8  
  191  10:49  Marine  
  196  10:50  Siege Tank  
  198  11:06  Marine x2  
Show
View Real Time Build Order
Export as new Build Order

Miszu Terran 

Build Orders: MMM Bio 

Get SALT Encoding   

  12  0:00  SCV  
  13  0:12  SCV  
  14  0:18  Supply Depot  
  14  0:24  SCV  
  15  0:39  SCV  
  15  0:42  Barracks  
  16  0:44  Refinery  
  16  0:51  SCV  
  17  1:03  SCV  
  18  1:15  SCV  
  19  1:28  Orbital Command  
  19  1:29  Barracks Reactor  
  19  1:43  Command Center  
  19  1:50  Supply Depot  
  19  1:53  SCV  
  20  2:06  Marine x2, SCV  
  23  2:12  Factory  
  22  2:18  SCV  
  22  2:22  Bunker  
  23  2:24  Marine  
  23  2:27  Marine  
  25  2:33  SCV  
  26  2:46  SCV  
  26  2:47  Marine x2  
  29  2:55  Refinery  
  29  2:57  Factory Tech Lab  
  29  2:58  Starport, SCV  
  30  3:08  Orbital Command  
  30  3:11  SCV  
  31  3:23  SCV  
  32  3:35  SCV  
  32  3:40  Engineering Bay  
  32  3:41  Cyclone, SCV  
  36  3:47  Supply Depot, SCV  
  38  3:53  SCV  
  38  3:59  Viking  
  38  4:00  SCV  
  41  4:08  SCV  
  42  4:10  Supply Depot  
  42  4:12  SCV  
  43  4:21  Command Center  
  43  4:23  SCV  
  44  4:24  SCV  
  45  4:33  Terran Infantry Weapons Level 1  
  45  4:34  Siege Tank  
  45  4:35  SCV  
  45  4:52  SCV  
  44  4:54  SCV  
  44  4:59  Marine x2  
  45  5:04  SCV  
  45  5:05  Barracks  
  45  5:06  SCV  
  48  5:15  Starport Reactor  
  48  5:16  SCV  
  48  5:18  Barracks, SCV  
  50  5:27  Marine  
  50  5:28  Marine, SCV  
  53  5:29  Siege Tank  
  53  5:30  SCV  
  53  5:32  Refinery x2  
  53  5:33  Orbital Command  
  57  5:40  SCV  
  57  5:42  SCV  
  59  5:45  Marine  
  59  5:46  Marine  
  61  5:52  Medivac, SCV  
  61  5:53  Barracks Tech Lab  
  61  5:54  SCV  
  65  5:58  Orbital Command  
  65  6:03  Marine x2  
  68  6:04  SCV  
  68  6:06  SCV  
  68  6:09  Barracks  
  68  6:10  Barracks  
  69  6:12  Marine  
  69  6:16  Barracks Tech Lab, Stimpack, SCV  
  71  6:18  SCV  
  71  6:21  Marine, Sensor Tower  
  71  6:23  Marine  
  74  6:28  SCV  
  74  6:30  Marine, SCV  
  77  6:34  Supply Depot  
  77  6:35  Supply Depot  
  77  6:51  Engineering Bay  
  77  6:52  Terran Infantry Armor Level 1, Armory  
  77  6:55  Marine, Siege Tank, SCV x3  
  77  6:59  Supply Depot  
  84  7:02  Supply Depot  
  84  7:06  Barracks Reactor  
  84  7:07  Barracks Reactor, SCV x3  
  87  7:09  Marine x2  
  87  7:13  Marine x2  
  87  7:14  Medivac  
  93  7:20  Medivac, SCV x3  
  98  7:23  Refinery  
  98  7:24  Refinery  
  98  7:26  Marine  
  98  7:28  Sensor Tower  
  99  7:32  SCV  
  99  7:35  SCV  
  100  7:47  Marine  
  100  7:50  Marine  
  100  7:51  Marine x6  
  107  8:00  Medivac  
  107  8:02  Terran Infantry Weapons Level 2  
  107  8:03  Terran Vehicle Weapons Level 1  
  107  8:04  SCV  
  109  8:11  Marine x3  
  109  8:14  SCV  
  109  8:16  SCV  
  109  8:21  Supply Depot, Marine x4  
  109  8:22  Siege Tank  
  109  8:23  Supply Depot  
  109  8:24  Supply Depot  
  109  8:25  Supply Depot  
  116  8:27  Medivac  
  116  8:32  Marine  
  117  8:35  Marine  
  117  8:36  Marine  
  117  8:42  Marine x4  
  121  8:49  Marine  
  121  8:53  Marine  
  121  8:54  Marine  
  124  8:56  Siege Tank  
  124  8:57  Medivac  
  124  8:58  SCV  
  124  8:59  SCV x2  
  124  9:00  Factory, Marine x4  
  136  9:06  Combat Shields  
  136  9:07  Marine  
  137  9:10  SCV  
  137  9:11  Marine, SCV x2  
  137  9:12  Marine  
  141  9:18  Marine x4  
  141  9:19  Barracks Reactor  
  141  9:23  SCV  
  146  9:25  Marine  
  146  9:29  Hellion  
  149  9:33  Missile Turret  
  149  9:43  Marine  
  149  9:45  Marine x3  
  149  9:47  Marine  
  149  9:54  Marine x2  
  149  9:58  Factory Tech Lab  
  149  10:05  Supply Depot, Marine x7, Siege Tank  
  149  10:06  Supply Depot, Medivac  
  149  10:07  Supply Depot  
  161  10:12  Marine x2  
  161  10:23  Marine  
  161  10:33  Marine  
  161  10:34  Marine x3  
  161  10:35  Medivac  
  169  10:38  Siege Tank  
  168  10:45  Marine  
  168  10:47  Marine  
  168  10:52  Factory Tech Lab  
  168  10:56  Marine  
Tags
 
Add a new tag
Caveats
  • Supply blocks, unpowered buildings, or Contaminate may cause inaccurate times.
  • Supply counts are checked every 10 seconds.